General information
- name: BNet
- type: Ladder team game (AT/RT)
- host: Battle.net
- saver: gobinersASSFACE
map: CopperCanyon
- players: 6
- length: 49:03
- speed: Fast
- version: 1.21 W3XP
- replay type: Public
» download(380 KB)
Players
team 1 (loser)
EBR-WISP- (
pink | 114 APM | 5354 actions | 46:45)
7 Death Knight
3 Death Coil
3 Unholy Aura
1 Animate Dead
» actions
| Assign group hotkey | 86 | |
| Basic commands | 66 | |
| Build / train | 127 | |
| ESC pressed | 7 | |
| Enter build submenu | 30 | |
| Enter hero's abilities submenu | 7 | |
| Give item / drop item | 4 | |
| Right click | 2512 | |
| Select / deselect | 497 | |
| Select group hotkey | 1870 | |
| Use ability | 148 | |
5354 total
» units
| Acolyte | 38 | |
| Ghoul | 3 | |
| Crypt Fiend | 20 | |
| Gargoyle | 3 | |
| Frost Wyrm | 22 | |
| Obsidian Statue | 5 | |
91 total
» upgrades
| Web | 1 | |
| Freezing Breath | 1 | |
| Creature Attack | 2 | |
| Destroyer Form | 1 | |
5 total
» buildings
| Graveyard | 1 | |
| Crypt | 2 | |
| Ziggurat | 13 | |
| Altar of Darkness | 1 | |
| Tomb of Relics | 1 | |
| Nerubian Tower | 2 | |
| Halls of the Dead | 2 | |
| Black Citadel | 4 | |
| Sacrificial Pit | 1 | |
| Boneyard | 2 | |
| Slaughterhouse | 2 | |
| Spirit Tower | 3 | |
34 total
» build order
00:08 Graveyard
00:09 Crypt
00:28 Ziggurat
00:47 Altar of Darkness
01:08 Crypt
01:25 Tomb of Relics
01:53 Ziggurat
02:22 Ziggurat
03:08 Nerubian Tower
04:34 Halls of the Dead
04:34 Halls of the Dead
05:50 Ziggurat
07:58 Black Citadel
07:58 Black Citadel
07:58 Black Citadel
09:13 Sacrificial Pit
10:27 Boneyard
10:29 Boneyard
10:53 Ziggurat
10:55 Ziggurat
10:59 Ziggurat
11:00 Ziggurat
14:37 Ziggurat
14:38 Ziggurat
18:58 Slaughterhouse
20:56 Slaughterhouse
21:26 Spirit Tower
21:40 Ziggurat
23:05 Spirit Tower
27:58 Ziggurat
27:59 Ziggurat
29:00 Spirit Tower
29:26 Nerubian Tower
» items
| Dust of Appearance | 2 | |
| Rod of Necromancy | 1 | |
| Orb of Corruption | 1 | |
| Potion of Healing | 4 | |
| Potion of Lesser Invulnerability | 1 | |
9 total
jAbR[o]Ni (
red | 194 APM | 9496 actions | 49:01)
8 Tauren Chieftain
3 War Stomp
3 Endurance Aura
1 Reincarnation
1 Shockwave
» actions
| Assign group hotkey | 230 | |
| Basic commands | 728 | |
| Build / train | 131 | |
| ESC pressed | 1 | |
| Enter build submenu | 35 | |
| Enter hero's abilities submenu | 8 | |
| Give item / drop item | 8 | |
| Remove unit from queue | 1 | |
| Right click | 3258 | |
| Select / deselect | 1198 | |
| Select group hotkey | 3790 | |
| Use ability | 108 | |
9496 total
» units
| Peon | 25 | |
| Grunt | 12 | |
| Demolisher | 20 | |
| Troll Batrider | 13 | |
| Wind Rider | 1 | |
71 total
» upgrades
| Armor | 3 | |
| Pillage | 1 | |
| Melee Weapons | 1 | |
| Berserker Strength | 1 | |
| Ranged Weapons | 3 | |
| Reinforced Defenses | 1 | |
| Burning Oil | 1 | |
| Liquid Fire | 1 | |
12 total
» buildings
| Altar of Storms | 1 | |
| Orc Burrow | 6 | |
| Barracks | 2 | |
| Voodoo Lounge | 1 | |
| War Mill | 1 | |
| Stronghold | 4 | |
| Great Hall | 4 | |
| Beastiary | 2 | |
| Watch Tower | 11 | |
| Fortress | 4 | |
36 total
» build order
00:11 Altar of Storms
00:21 Orc Burrow
00:37 Barracks
01:22 Orc Burrow
01:58 Voodoo Lounge
02:35 Barracks
03:46 Orc Burrow
03:59 War Mill
05:15 Orc Burrow
07:33 Stronghold
07:33 Stronghold
07:34 Stronghold
10:11 Great Hall
11:01 Beastiary
11:10 Watch Tower
12:14 Orc Burrow
13:06 Watch Tower
13:48 Watch Tower
13:50 Watch Tower
15:19 Fortress
15:19 Fortress
15:19 Fortress
17:11 Watch Tower
20:13 Orc Burrow
23:39 Great Hall
25:25 Watch Tower
25:26 Watch Tower
25:27 Watch Tower
25:27 Watch Tower
25:38 Watch Tower
28:55 Watch Tower
36:37 Beastiary
42:15 Great Hall
43:47 Great Hall
» items
| Healing Salve | 4 | |
| Scroll of Speed | 1 | |
| Scroll of Town Portal | 2 | |
| Lesser Clarity Potion | 1 | |
| Orb of Lightning | 1 | |
| Potion of Healing | 1 | |
10 total
LagGer.diVe (
blue | 82 APM | 3811 actions | 46:17)
6 Priestess of the Moon
3 Trueshot Aura
1 Searing Arrows
1 Scout
1 Starfall
» actions
| Assign group hotkey | 54 | |
| Basic commands | 258 | |
| Build / train | 93 | |
| ESC pressed | 6 | |
| Enter build submenu | 24 | |
| Enter hero's abilities submenu | 6 | |
| Give item / drop item | 1 | |
| Right click | 1202 | |
| Select / deselect | 602 | |
| Select group hotkey | 1419 | |
| Use ability | 146 | |
3811 total
» units
| Wisp | 49 | |
| Huntress | 8 | |
| Glaive Thrower | 3 | |
| Chimaera | 8 | |
68 total
» upgrades
| Strength of the Wild | 3 | |
| Corrosive Breath | 1 | |
| Nature's Blessing | 1 | |
| Reinforced Hides | 2 | |
7 total
» buildings
| Altar of Elders | 1 | |
| Moon Well | 6 | |
| Hunter's Hall | 1 | |
| Ancient of War | 2 | |
| Tree of Life | 5 | |
| Tree of Ages | 1 | |
| Tree of Eternity | 1 | |
| Ancient of Wind | 1 | |
| Ancient Protector | 1 | |
| Chimaera Roost | 2 | |
21 total
» build order
00:07 Altar of Elders
00:18 Moon Well
02:10 Hunter's Hall
02:22 Ancient of War
02:27 Ancient of War
02:41 Moon Well
03:08 Moon Well
06:14 Tree of Life
07:58 Moon Well
07:58 Moon Well
11:17 Tree of Ages
12:31 Tree of Life
13:39 Tree of Eternity
13:43 Ancient of Wind
14:45 Ancient Protector
16:02 Chimaera Roost
16:21 Chimaera Roost
17:37 Moon Well
29:21 Tree of Life
29:26 Tree of Life
29:29 Tree of Life
» items
| Dust of Appearance | 1 | |
| Potion of Lesser Invulnerability | 1 | |
| Scroll of Healing | 1 | |
| Scroll of Protection | 1 | |
| Tome of Retraining | 1 | |
| Healing Salve | 1 | |
| Orb of Lightning | 1 | |
| Potion of Mana | 1 | |
8 total
team 2 (winner)
Gobiner (
orange | 43 APM | 2125 actions | 49:02)
7 Blademaster
3 Wind Walk
3 Critical Strike
1 Bladestorm
» actions
| Assign group hotkey | 27 | |
| Basic commands | 20 | |
| Build / train | 60 | |
| ESC pressed | 16 | |
| Enter build submenu | 40 | |
| Enter hero's abilities submenu | 7 | |
| Give item / drop item | 6 | |
| Right click | 1168 | |
| Select / deselect | 255 | |
| Select group hotkey | 337 | |
| Use ability | 189 | |
2125 total
» units
» upgrades
» buildings
| Altar of Storms | 4 | |
| Orc Burrow | 6 | |
| War Mill | 2 | |
| Voodoo Lounge | 2 | |
| Watch Tower | 15 | |
| Stronghold | 2 | |
| Fortress | 1 | |
| Beastiary | 4 | |
| Great Hall | 3 | |
39 total
» build order
00:07 Altar of Storms
00:17 Orc Burrow
00:28 War Mill
01:27 Voodoo Lounge
02:01 Watch Tower
02:15 Orc Burrow
02:38 Watch Tower
03:25 Watch Tower
03:28 Watch Tower
04:01 Watch Tower
04:47 Stronghold
05:02 Watch Tower
05:19 Watch Tower
06:22 Watch Tower
06:36 Watch Tower
06:48 Watch Tower
06:50 Watch Tower
07:52 Watch Tower
07:53 Watch Tower
07:54 Watch Tower
07:56 Watch Tower
08:16 Fortress
08:20 Beastiary
08:27 Beastiary
10:21 Beastiary
10:21 Beastiary
10:39 Voodoo Lounge
11:33 War Mill
14:51 Great Hall
17:28 Orc Burrow
17:29 Orc Burrow
19:13 Stronghold
21:40 Altar of Storms
23:37 Altar of Storms
23:39 Orc Burrow
23:53 Altar of Storms
24:02 Orc Burrow
26:07 Great Hall
36:02 Great Hall
» items
| Boots of Speed | 4 | |
| Staff of Teleportation | 6 | |
| Healing Salve | 2 | |
| Lesser Clarity Potion | 2 | |
| Scroll of Town Portal | 1 | |
15 total
gobinersASSFACE (
teal | 104 APM | 5087 actions | 49:03)
4 Archmage
2 Blizzard
2 Brilliance Aura
4 Mountain King
2 Storm Bolt
2 Bash
4 Paladin
2 Holy Light
2 Divine Shield
» actions
| Assign group hotkey | 10 | |
| Basic commands | 92 | |
| Build / train | 138 | |
| ESC pressed | 3 | |
| Enter build submenu | 81 | |
| Enter hero's abilities submenu | 12 | |
| Give item / drop item | 7 | |
| Remove unit from queue | 3 | |
| Right click | 2077 | |
| Select / deselect | 502 | |
| Select group hotkey | 1821 | |
| Use ability | 339 | |
5087 total
» units
| Peasant | 23 | |
| Priest | 3 | |
| Sorceress | 2 | |
| Dragonhawk Rider | 16 | |
44 total
» upgrades
| Masonry | 3 | |
| Magic Sentry | 1 | |
| Lumber Harvesting | 1 | |
| Sorceress Training | 2 | |
| Priest Training | 2 | |
| Animal War Training | 1 | |
| Armor | 3 | |
| Swords | 1 | |
| Cloud | 1 | |
15 total
» buildings
| Altar of Kings | 3 | |
| Farm | 11 | |
| Scout Tower | 73 | |
| Lumber Mill | 1 | |
| Arcane Tower | 5 | |
| Guard Tower | 32 | |
| Keep | 1 | |
| Town Hall | 2 | |
| Castle | 2 | |
| Arcane Sanctum | 1 | |
| Arcane Vault | 1 | |
| Gryphon Aviary | 2 | |
| Barracks | 1 | |
| Blacksmith | 1 | |
136 total
» build order
00:07 Altar of Kings
00:19 Farm
00:33 Farm
00:51 Scout Tower
01:01 Lumber Mill
01:16 Scout Tower
01:45 Arcane Tower
01:45 Arcane Tower
01:56 Farm
02:02 Scout Tower
02:16 Guard Tower
02:24 Scout Tower
02:37 Scout Tower
02:39 Scout Tower
03:20 Guard Tower
03:22 Scout Tower
03:23 Scout Tower
03:54 Guard Tower
03:56 Keep
03:59 Scout Tower
04:01 Scout Tower
04:02 Scout Tower
04:03 Scout Tower
04:03 Scout Tower
04:55 Scout Tower
04:56 Guard Tower
04:59 Scout Tower
05:00 Scout Tower
05:00 Scout Tower
05:51 Guard Tower
05:57 Guard Tower
06:19 Scout Tower
06:22 Scout Tower
06:24 Guard Tower
07:23 Town Hall
07:26 Guard Tower
07:26 Guard Tower
07:35 Scout Tower
07:36 Scout Tower
08:18 Scout Tower
08:20 Scout Tower
08:21 Guard Tower
08:22 Guard Tower
09:12 Castle
09:19 Guard Tower
09:20 Scout Tower
09:21 Scout Tower
10:09 Scout Tower
10:10 Scout Tower
10:13 Arcane Sanctum
10:15 Arcane Vault
10:33 Scout Tower
10:33 Scout Tower
10:35 Scout Tower
10:41 Scout Tower
10:43 Scout Tower
11:14 Guard Tower
11:31 Guard Tower
11:39 Guard Tower
12:25 Scout Tower
12:26 Scout Tower
12:26 Scout Tower
12:26 Scout Tower
13:41 Farm
13:41 Farm
13:44 Arcane Tower
13:50 Guard Tower
14:49 Gryphon Aviary
16:09 Barracks
16:51 Scout Tower
16:51 Scout Tower
16:52 Scout Tower
16:53 Scout Tower
16:53 Scout Tower
17:44 Guard Tower
18:30 Guard Tower
18:45 Scout Tower
18:46 Scout Tower
19:17 Guard Tower
19:17 Guard Tower
19:57 Gryphon Aviary
19:59 Blacksmith
20:00 Guard Tower
20:03 Scout Tower
20:03 Scout Tower
20:09 Scout Tower
20:09 Scout Tower
21:07 Guard Tower
23:56 Farm
23:56 Farm
23:56 Farm
23:57 Farm
24:40 Farm
27:47 Scout Tower
27:47 Scout Tower
27:48 Scout Tower
27:49 Scout Tower
28:27 Scout Tower
28:28 Scout Tower
28:28 Scout Tower
28:28 Scout Tower
28:29 Scout Tower
28:30 Scout Tower
28:30 Scout Tower
28:31 Scout Tower
28:31 Scout Tower
29:03 Guard Tower
29:03 Guard Tower
31:38 Guard Tower
31:42 Scout Tower
31:43 Scout Tower
31:43 Scout Tower
31:44 Scout Tower
32:46 Arcane Tower
32:50 Scout Tower
32:51 Scout Tower
32:52 Scout Tower
32:53 Scout Tower
32:54 Scout Tower
32:54 Scout Tower
32:57 Scout Tower
32:58 Scout Tower
32:59 Scout Tower
34:09 Guard Tower
36:56 Altar of Kings
36:59 Farm
38:52 Arcane Tower
40:24 Altar of Kings
46:41 Town Hall
» items
| Boots of Speed | 4 | |
| Staff of Teleportation | 4 | |
| Circlet of Nobility | 4 | |
| Staff of Sanctuary | 3 | |
| Orb of Fire | 2 | |
17 total
Gobinerself (
yellow | 79 APM | 3898 actions | 49:02)
3 Archmage
2 Blizzard
1 Brilliance Aura
5 Blood Mage
3 Flame Strike
2 Siphon Mana
» actions
| Assign group hotkey | 16 | |
| Basic commands | 152 | |
| Build / train | 79 | |
| ESC pressed | 3 | |
| Enter build submenu | 57 | |
| Enter hero's abilities submenu | 8 | |
| Give item / drop item | 3 | |
| Remove unit from queue | 1 | |
| Right click | 2092 | |
| Select / deselect | 627 | |
| Select group hotkey | 635 | |
| Use ability | 224 | |
3898 total
» units
| Peasant | 20 | |
| Priest | 2 | |
| Sorceress | 3 | |
25 total
» upgrades
| Masonry | 2 | |
| Magic Sentry | 1 | |
| Sorceress Training | 1 | |
| Lumber Harvesting | 1 | |
| Priest Training | 1 | |
6 total
» buildings
| Altar of Kings | 2 | |
| Farm | 8 | |
| Scout Tower | 42 | |
| Lumber Mill | 1 | |
| Arcane Tower | 6 | |
| Guard Tower | 22 | |
| Keep | 1 | |
| Arcane Sanctum | 1 | |
| Castle | 1 | |
| Town Hall | 2 | |
86 total
» build order
00:29 Altar of Kings
00:58 Farm
01:05 Scout Tower
01:18 Lumber Mill
01:32 Arcane Tower
01:55 Farm
02:14 Scout Tower
02:49 Guard Tower
02:54 Scout Tower
03:01 Scout Tower
03:39 Guard Tower
03:43 Scout Tower
03:46 Scout Tower
03:53 Farm
04:01 Scout Tower
04:05 Scout Tower
04:07 Scout Tower
04:11 Scout Tower
04:12 Scout Tower
04:14 Guard Tower
04:39 Keep
04:45 Arcane Tower
04:53 Guard Tower
05:06 Guard Tower
05:11 Scout Tower
05:12 Scout Tower
05:13 Scout Tower
05:18 Arcane Tower
05:21 Farm
05:43 Guard Tower
05:44 Guard Tower
05:50 Scout Tower
05:53 Scout Tower
06:07 Scout Tower
06:29 Arcane Tower
06:30 Guard Tower
06:46 Guard Tower
06:48 Scout Tower
06:58 Arcane Tower
07:04 Arcane Sanctum
07:16 Guard Tower
07:17 Guard Tower
07:38 Scout Tower
07:39 Scout Tower
08:35 Guard Tower
08:38 Scout Tower
08:44 Scout Tower
08:46 Scout Tower
09:47 Scout Tower
09:49 Guard Tower
10:51 Farm
11:31 Guard Tower
11:35 Scout Tower
11:37 Scout Tower
11:51 Scout Tower
11:53 Scout Tower
12:06 Scout Tower
12:59 Guard Tower
13:02 Arcane Tower
13:03 Guard Tower
13:34 Scout Tower
13:37 Scout Tower
13:38 Scout Tower
13:53 Scout Tower
14:06 Guard Tower
14:27 Guard Tower
15:14 Scout Tower
15:16 Scout Tower
15:52 Guard Tower
15:54 Scout Tower
15:55 Scout Tower
15:57 Scout Tower
16:25 Guard Tower
17:00 Scout Tower
17:01 Scout Tower
17:39 Guard Tower
18:28 Scout Tower
18:29 Scout Tower
19:44 Guard Tower
20:13 Castle
26:13 Town Hall
28:07 Altar of Kings
28:27 Farm
28:28 Farm
36:27 Town Hall
40:11 Farm
» items
| Staff of Teleportation | 2 | |
| Boots of Speed | 2 | |
| Periapt of Vitality | 1 | |
| Circlet of Nobility | 1 | |
| Potion of Lesser Invulnerability | 1 | |
7 total
Chat log
(00:22 / Allies) Gobinerself: why the fuck didnt i get tabbed in btw
(00:22 / All) LagGer.diVe: go?
(00:40 / All) gobinersASSFACE: hey
(00:43 / All) gobinersASSFACE: just wanna let you know
(00:47 / All) gobinersASSFACE: you guys are really sweet
(00:48 / All) Gobinerself: thanks for waiting, had to tip pizza guy
(00:54 / All) jAbR[o]Ni: aiight
(00:58 / All) EBR-WISP-: quitr give me win then
(00:59 / All) EBR-WISP-: i noob
(00:59 / All) jAbR[o]Ni: owe us each a kiss
(01:10 / All) Gobiner: betting I'm a biggger noob sorry
(01:11 / All) gobinersASSFACE: on the lips?
(01:28 / All) EBR-WISP-: =(
(01:29 / Allies) gobinersASSFACE: look i got 5 on gold
(01:37 / Allies) Gobinerself: races?
(01:41 / Allies) gobinersASSFACE: duno
(01:45 / Allies) gobinersASSFACE: ne
(02:45 / Allies) gobinersASSFACE: aura
(02:46 / Allies) gobinersASSFACE: lady
(02:54 / All) gobinersASSFACE: u got a pretty AuRa about u
(02:57 / All) gobinersASSFACE: miss Darkmoon
(02:58 / Allies) Gobiner: dk
(02:59 / Allies) Gobiner: fiends
(03:11 / Allies) Gobinerself: tc near death
(03:14 / Allies) Gobinerself: dual rax
(03:34 / Allies) Gobinerself: stomp furst
(03:43 / Allies) gobinersASSFACE: god u faggot
(03:45 / Allies) Gobiner: owned
(03:49 / Allies) gobinersASSFACE: u dont even have hp to do anything
(04:22 / Allies) Gobinerself: god these chokes are so gigantic
(05:46 / Allies) gobinersASSFACE: glad i didnt have staff
(06:12 / All) Gobiner: double your pleasure
(06:15 / All) Gobiner: double your dust
(07:24 / Allies) Gobinerself: lots of grunts
(07:41 / Allies) gobinersASSFACE: nice job
(07:51 / Allies) Gobinerself: tbh they could have done the same
(07:51 / Allies) gobinersASSFACE: 1200 gold
(08:03 / Allies) gobinersASSFACE: hes got
(08:09 / Allies) gobinersASSFACE: 9 tower
(08:43 / Allies) gobinersASSFACE: nice
(08:45 / Allies) gobinersASSFACE: build in base
(09:00 / Allies) gobinersASSFACE: tp out
(09:01 / Allies) gobinersASSFACE: get
(09:03 / Allies) gobinersASSFACE: bats
(09:04 / Allies) gobinersASSFACE: in frosty base
(09:53 / Allies) gobinersASSFACE: tp out
(09:54 / Allies) gobinersASSFACE: staff back
(09:59 / Allies) gobinersASSFACE: dont lost hero first u dummy
(10:59 / Allies) Gobiner: this shit always happens to me
(11:02 / Allies) Gobiner: they never rush you guys
(11:04 / Allies) gobinersASSFACE: cause u had 9 towers
(11:07 / Allies) gobinersASSFACE: i had 20+
(11:08 / Allies) Gobinerself: b/c you never have as many towers
(11:24 / Allies) Gobiner: its not possible to get enough towers up
(11:27 / Allies) gobinersASSFACE: shut
(11:27 / Allies) gobinersASSFACE: upt
(13:59 / Allies) Gobiner: should I make a main
(14:00 / Allies) Gobiner: for orbs
(14:02 / Allies) gobinersASSFACE: yes
(14:07 / Allies) gobinersASSFACE: just take his expo
(14:12 / Allies) gobinersASSFACE: christ
(15:21 / Allies) Gobinerself: oh attack ground
(15:23 / Allies) Gobinerself: we are fucked
(17:08 / Allies) gobinersASSFACE: \sweet
(17:10 / Allies) gobinersASSFACE: where be da bats
(17:11 / Allies) Gobinerself: cool
(17:36 / Allies) gobinersASSFACE: oh
(17:38 / Allies) gobinersASSFACE: u didnt make burrows
(17:42 / Allies) Gobiner: :(
(18:24 / Allies) Gobinerself: jesus christ thee fucking spikes
(19:58 / Allies) Gobiner: no owl scout yet is good I guess
(20:03 / Allies) Gobinerself: they have it
(20:07 / Allies) Gobiner: oh
(20:14 / Allies) Gobiner: too stupid to use is good
(20:20 / Allies) Gobinerself: no theya re using it
(20:50 / Allies) Gobinerself: cool
(21:03 / Allies) Gobinerself: this is over tbqh
(21:10 / Allies) gobinersASSFACE: nope
(21:15 / Allies) gobinersASSFACE: i fought ud off
(21:19 / Allies) gobinersASSFACE: also he mining alot in upkeep
(21:32 / Allies) Gobinerself: hes mining his mine and what should have been gobiners
(21:38 / Allies) gobinersASSFACE: i know
(21:42 / Allies) gobinersASSFACE: but we have won down a person before on this map
(21:46 / Allies) gobinersASSFACE: its just alot more exciting
(21:58 / Allies) Gobinerself: chims and wyrms with max movespeed
(22:15 / Allies) gobinersASSFACE: did gob still not mak bats
(22:56 / All) EBR-WISP-: U GUYS SO LAME
(22:57 / All) EBR-WISP-: ARS
(23:03 / Allies) gobinersASSFACE: thanks for this game gobiner
(23:06 / Allies) gobinersASSFACE: i really enjoy losing to morons
(23:18 / Allies) Gobinerself: pin just lost everything
(24:22 / Allies) gobinersASSFACE: hes also not mining
(24:24 / Allies) Gobinerself: fuck off thats a kill
(25:09 / Allies) gobinersASSFACE: sum1 take
(25:24 / Allies) gobinersASSFACE: gob take this
(25:26 / Allies) gobinersASSFACE: i creep it
(25:35 / Allies) Gobiner: need lum
(25:37 / Allies) Gobiner: and 100g
(25:42 / Allies) gobinersASSFACE: frosty us my hawks
(27:31 / Allies) gobinersASSFACE: got more hawk
(27:56 / Allies) Gobinerself: oh
(28:17 / Allies) Gobinerself: tt
(29:04 / Allies) Gobiner: no orb is really gay
(29:47 / Allies) gobinersASSFACE: gogo
(29:53 / Allies) gobinersASSFACE: cloud
(32:11 / Allies) Gobiner: should I buy a fire orb just so I can attack air?
(32:21 / Allies) gobinersASSFACE: prob not i gues
(32:28 / Allies) Gobiner: oh
(32:30 / Allies) Gobiner: no castle
(32:33 / Allies) Gobinerself: also im suprised this is still alive
(32:40 / Allies) gobinersASSFACE: still not up
(33:12 / Allies) gobinersASSFACE: hawk it?
(33:16 / Allies) Gobinerself: sure
(33:23 / Allies) gobinersASSFACE: get potm frist
(33:26 / Allies) gobinersASSFACE: err
(33:28 / Allies) gobinersASSFACE: dk first
(33:31 / Allies) gobinersASSFACE: potm has 3 healing
(33:32 / Allies) gobinersASSFACE: 2
(34:11 / Allies) gobinersASSFACE: get
(34:12 / Allies) gobinersASSFACE: orb
(34:13 / Allies) gobinersASSFACE: kill
(34:14 / Allies) gobinersASSFACE: bats
(34:27 / Allies) gobinersASSFACE: gold me
(34:36 / Allies) gobinersASSFACE: o nvm
(34:40 / Allies) gobinersASSFACE: gheak ne
(35:06 / Allies) Gobinerself: he lost alot of demos
(35:24 / Allies) gobinersASSFACE: or nvm dont gold me i guess
(35:34 / Allies) Gobinerself: in upkeep so not going to!
(35:42 / Allies) gobinersASSFACE: take this one
(35:49 / Allies) Gobiner: gold/lum me
(36:14 / Allies) gobinersASSFACE: fuck
(36:15 / Allies) Gobinerself: tt
(36:52 / Allies) gobinersASSFACE: gold me now
(36:53 / Allies) gobinersASSFACE: at 50
(37:18 / Allies) gobinersASSFACE: alot of bat
(38:03 / Allies) gobinersASSFACE: gayy
(38:06 / Allies) gobinersASSFACE: bats
(38:07 / Allies) gobinersASSFACE: watch it
(38:29 / Allies) gobinersASSFACE: didnt lose a hawk haha
(38:40 / Allies) gobinersASSFACE: t
(38:40 / Allies) gobinersASSFACE: t
(38:44 / Allies) Gobinerself: yeah
(38:47 / Allies) Gobinerself: ughhhhh
(38:49 / Allies) gobinersASSFACE: at least
(38:49 / Allies) Gobinerself: yet another level
(39:21 / Allies) gobinersASSFACE: hawks
(40:26 / Allies) Gobiner: its gonna be a while before blue gets his hero back
(40:30 / Allies) Gobiner: also: gay
(40:31 / Allies) gobinersASSFACE: good
(40:33 / Allies) gobinersASSFACE: didnt se he lost it
(40:36 / Allies) Gobinerself: so fucking gay
(41:01 / Allies) Gobinerself: endurance and unholy
(41:05 / Allies) Gobinerself: you can outrun ANYTHING
(41:13 / Allies) gobinersASSFACE: just get worksers ya
(41:15 / Allies) gobinersASSFACE: dk coming tho
(41:34 / Allies) Gobinerself: haha
(41:40 / Allies) gobinersASSFACE: fucking
(41:47 / Allies) Gobiner: well I got 1500
(41:54 / Allies) Gobinerself: god
(41:55 / Allies) Gobinerself: another
(41:56 / Allies) gobinersASSFACE: blue making altar?
(41:56 / Allies) Gobinerself: fucking
(41:57 / Allies) Gobinerself: level
(42:08 / Allies) gobinersASSFACE: w/e dk levsl dont matter
(42:16 / Allies) Gobinerself: it was tc
(42:19 / Allies) gobinersASSFACE: ugh
(42:34 / Allies) gobinersASSFACE: another
(42:35 / Allies) gobinersASSFACE: level
(42:54 / Allies) Gobinerself: dead
(43:00 / Allies) Gobiner: jesus thats fast
(43:03 / Allies) Gobinerself: yes
(43:20 / Allies) gobinersASSFACE: haha
(43:21 / Allies) gobinersASSFACE: ud sold?
(43:26 / Allies) Gobiner: apparently
(43:32 / Allies) gobinersASSFACE: mine gone
(43:45 / Allies) Gobinerself: so they have 10k potential between the mines
(43:50 / Allies) Gobinerself: to be used only byt he orc
(44:09 / Allies) Gobinerself: save that camp for my near 5 bm plz
(44:12 / All) Gobiner: gl hf gg
(44:13 / Allies) gobinersASSFACE: ok
(44:21 / Allies) gobinersASSFACE: haha
(44:26 / Allies) Gobinerself: i dont tihnk it will be enough
(44:34 / Allies) Gobinerself: but it will be CLOSE
(44:48 / Allies) Gobinerself: want to manny mine that shit
(44:51 / Allies) Gobinerself: or long range it
(44:52 / Allies) gobinersASSFACE: sure
(45:04 / Allies) Gobiner: blue has no trees
(45:09 / Allies) Gobiner: no wisps that I know of
(45:21 / Allies) Gobiner: what to spin?
(45:21 / Allies) Gobinerself: i thought that didnt fucking cancel
(45:29 / Allies) gobinersASSFACE: heal
(45:30 / Allies) Gobinerself: jesus christ i hate this
(45:43 / Allies) gobinersASSFACE: dk
(45:44 / Allies) Gobinerself: thanks so much you fucking nigger
(46:19 / All) gobinersASSFACE: lmao
(46:21 / All) gobinersASSFACE: get out noobs
(46:23 / Allies) Gobinerself: gobiner does something which isnt block my hero
(46:28 / Allies) Gobinerself: incredible
(46:36 / Allies) Gobiner: that hero deserved that tbqh
(47:06 / Allies) gobinersASSFACE: im
(47:07 / Allies) gobinersASSFACE: laggin
(47:08 / Allies) gobinersASSFACE: lol
(47:13 / Allies) gobinersASSFACE: mana me mk
(47:40 / All) gobinersASSFACE: btw red
(47:43 / All) gobinersASSFACE: nice demo micro this game
(47:56 / All) gobinersASSFACE: really was a game winner LOL
(47:57 / All) jAbR[o]Ni: my mates blamed me for loss